 Dungeon Crawl Stone Soup version 0.28.0 (webtiles) character file.

Game seed: 14575713089351536546

156 SnakkuSnakku7 the Chucker (level 5, -1/28 HPs)
             Began as a Tengu Enchanter on Feb 5, 2022.
             Killed by nerve-wracking pain
             ... invoked by an orc priest
              (12 damage)
             ... on level 3 of the Dungeon.
             The game lasted 00:02:55 (2632 turns).

SnakkuSnakku7 the Chucker (Tengu Enchanter)         Turns: 2632, Time: 00:02:55

Health: -1/28      AC:  8    Str: 10    XL:     5   Next: 38%
Magic:  9/9        EV: 24    Int: 15    God:
Gold:   89         SH:  0    Dex: 15    Spells: 8/8 levels left

rFire   + + .      SeeInvis +   a - +1 dagger
rCold   x . .      Faith    .   (no shield)
rNeg    . . .      Spirit   .   s - +0 fire dragon scales
rPois   .          Reflect  .   (helmet restricted)
rElec   .          Harm     .   (no cloak)
rCorr   .          Rampage  .   (no gloves)
Will    .....                   (boots unavailable)
Stlth   +.........              i - amulet of the acrobat
HPRegen 0.09/turn               p - ring of see invisible
MPRegen 0.11/turn               (no ring)

@: acrobatic, flying quickly and evasively, quick
A: beak, talons 3, nimble flight
a: no special abilities


You were on level 3 of the Dungeon.
You visited 1 branch of the dungeon, and saw 3 of its levels.

You collected 89 gold pieces.

Inventory:

Hand Weapons
 a - a +1 dagger (weapon)
Missiles
 f - 13 poisoned darts (quivered)
Armour
 b - a +0 robe
 q - a +0 leather armour
 r - a +0 chain mail
 s - +0 fire dragon scales (worn)
Jewellery
 i - an amulet of the acrobat (around neck)
 p - a ring of see invisible (left hand)
Scrolls
 d - a scroll of fog {unknown}
 e - 2 scrolls of identify {unknown}
 g - a scroll of magic mapping {unknown}
 n - a scroll of amnesia {unknown}
 o - a scroll of enchant weapon {unknown}
Potions
 c - a potion of invisibility
 h - a potion of flight {unknown}
 j - 3 potions of might {unknown}
 k - a potion of lignification {unknown}
 l - a potion of magic {unknown}
 m - a potion of resistance {unknown}


   Skills:
 - Level 1.1 Short Blades
 + Level 4.9 Throwing
 - Level 2.1 Dodging
 - Level 3.0 Stealth
 - Level 2.0 Spellcasting
 - Level 2.1 Hexes


You had 8 spell levels left.
You didn't know any spells.
Your spell library contained the following spells:

 Spells                   Type           Power      Damage    Failure   Level
 Ensorcelled Hibernation  Hex/Ice        8%         N/A       93%         2
 Beastly Appendage        Tmut           2%         N/A       94%         1
 Magic Dart               Conj           4%         1d3       94%         1
 Confusing Touch          Hex            8%         N/A       96%         3
 Tukima's Dance           Hex            8%         N/A       96%         3
 Searing Ray              Conj           2%         2d4       98%         2
 Wereblood                Tmut           1%         N/A       98%         2
 Dazzling Flash           Conj/Hex       8%         N/A       99%         3
 Spider Form              Tmut/Pois      1%         N/A       100%        3
 Fulminant Prism          Conj/Hex       2%         3d6       100%        4


Dungeon Overview and Level Annotations

Branches:
Dungeon (3/15)

Altars:


Innate Abilities, Weirdness & Mutations

You have a beak for a mouth.
You have claws for feet.
Your magical nature lets you fly swiftly and evasively.


Message History

The orc priest shouts!
You claw the ball python.
You kill the ball python!
You hear a shout! x2
The goblin hits you but does no damage. The kobold hits you but does no damage.
You hit the goblin.
You kill the goblin!
The kobold hits you with a +0 short sword.
You hit the kobold. You peck the kobold, but do no damage.
The kobold is moderately wounded.
A kobold comes into view. It is wielding a +0 club.
The kobold barely misses you.
The adder hisses angrily.
Things that are here:
a +0 dagger; a stone You hit the adder.
The adder is moderately wounded.
The adder bites you but does no damage.
An orc wizard comes into view. It is wielding a +0 dagger.
You hit the adder. You claw the adder.
You kill the adder!
The kobold hits you but does no damage.
You see here an adder corpse.
There is an open door here.
The orc priest begins to cast a cantrip, but forgets the words!
There is an open door here.
The kobold completely misses you.
You hit the kobold.
You kill the kobold!
The orc hits you but does no damage.
You hit the orc.
The orc is lightly wounded.
The orc hits you but does no damage.
The orc priest mumbles some strange prayers to Beogh against you.
Beogh smites you!
An orc comes into view. It is wielding a +0 club.
The orc shouts!
The orc priest mumbles some strange prayers to Beogh against you.
Pain shoots through your body!
You die...

#.####### #.# #o# #.#.#..##
#.......# #.# #.# #.#.#....
#.#####.###.#### #o# #.#.#.<..
...÷...........###K######.#.#....
#...###.###.#...oo......#.#.#..##
#...# #.###.#.o##.#####.#.#.#....
#...# #.#...#..o#.# #.#.#.#...#
#...# #.#.###.#.#.#####.#.#.....#
#.### #.#.# #...@.......#†###.#.#
#.#####.#.#####.#.......#.#...#.#
.................>........#...#.#
..#####.o................##...#.#
....###'#+######.........##...#.#
....'......# ##.#......###.##.#
....#......# #.##'#...#......#
....#o.....# #..#.###.#.#.####
....#......# ##.#..##.#.#.....


You could see an orc priest, an orc wizard, 2 orcs and a kobold.

Vanquished Creatures
  2 hounds (D:3)
  A gnoll (D:3)
  2 adders
  A worm (D:2)
  2 dart slugs
  An orc (D:3)
  3 endoplasms
  5 giant cockroaches
  2 goblins
  6 hobgoblins
  6 jackals (D:2)
  4 kobolds
  2 quokkas
  9 ball pythons
  5 bats
  2 frilled lizards
  3 rats
56 creatures vanquished.

Notes
Turn   | Place    | Note
-------+----------+-------------------------------------------
     0 | D:1      | SnakkuSnakku7 the Tengu Enchanter began the quest for the
                  | Orb.
     0 | D:1      | Reached XP level 1. HP: 10/10 MP: 4/4
   256 | D:1      | Reached skill level 1 in Throwing
   583 | D:1      | Reached XP level 2. HP: 9/15 MP: 6/6
   862 | D:1      | Reached skill level 2 in Throwing
  1187 | D:2      | Reached XP level 3. HP: 19/19 MP: 7/7
  1391 | D:2      | Reached skill level 3 in Throwing
  1872 | D:3      | Reached XP level 4. HP: 24/24 MP: 8/8
  2339 | D:3      | Reached skill level 4 in Throwing
  2344 | D:3      | Gained mutation: Your magical nature lets you fly swiftly
                  | and evasively. [Tengu growth]
  2344 | D:3      | Reached XP level 5. HP: 23/28 MP: 9/9
  2632 | D:3      | Killed from afar by an orc priest

Illustrated notes

Levels and vault maps discovered:
D:1:      dpeg_arrival_circle_labyrinth_c, layout_basic, serial_glass,
          glass_columns_a, glass_columns_a, glass_columns_a, glass_columns_b,
          glass_columns_a, glass_columns_a
D:2:      layout_basic, minmay_bisected
D:3:      layout_basic, minmay_misc_feat_five, cheibrodos_gnoll_hut,
          uniq_jessica

Skill      XL: |  1  2  3  4 |
---------------+-------------+-----
Throwing       | 1 2 3 4 |  4.9
Short Blades   | |  1.1
Dodging        | |  2.1
Stealth        | |  3.0
Spellcasting   | |  2.0
Hexes          | |  2.1

Action                   |  1- 3 |  4- 6 || total
-------------------------+-------+-------++-------
Melee: Dagger            |    82 |    52 ||   134
       Kick              |    20 |    16 ||    36
       Peck              |    13 |     5 ||    18
       Punch             |     1 |     1 ||     2
Throw: Dart              |     1 |       ||     1
 Stab: Sleeping          |    12 |       ||    12
Armor: Robe              |     9 |     1 ||    10
       Fire dragon scale |       |    26 ||    26
       Chain mail        |       |     4 ||     4
       Leather armour    |       |     3 ||     3
Dodge: Dodged            |    58 |    39 ||    97
